 Dungeon Crawl Stone Soup version 0.20-a0-839-gdaf5c57 (webtiles) character file.

70 krabocopter the Cudgeler (level 4, -13/35 HPs)
             Began as a Demonspawn Gladiator on Mar 8, 2017.
             Mangled by an orc
             ... wielding a +0 dagger of electrocution
              (17 damage)
             ... on level 3 of the Dungeon.
             The game lasted 00:05:01 (2206 turns).

krabocopter the Cudgeler (Demonspawn Gladiator)     Turns: 2206, Time: 00:05:02

Health: -13/35     AC:  4    Str: 13 (15) XL:     4   Next: 4%
Magic:  4/4        EV: 13    Int:  8 (9)  God:
Gold:   223        SH:  0    Dex: 14 (15) Spells: 3/3 levels left

rFire    + . .     SeeInvis .   (no weapon)
rCold    . . .     Gourm    .   b - +0 leather armour
rNeg     . . .     Faith    .   (no shield)
rPois    .         Spirit   .   c - +0 helmet
rElec    .         Reflect  .   (no cloak)
rCorr    .         Harm     .   (gloves unavailable)
MR       .....                  (no boots)
Stlth    +.........             (no amulet)
Regen    0.2/turn               (no ring)
MPRegen  0.1/turn               m - ring of protection from fire

@: slowed, very slow
A: claws 3
a: no special abilities


You were on level 3 of the Dungeon.
You were not hungry.

You visited 1 branch of the dungeon, and saw 3 of its levels.

You collected 223 gold pieces.

Inventory:

Hand Weapons
 a - a +0 flail
Missiles
 d - 3 throwing nets (quivered)
Armour
 b - a +0 leather armour (worn)
 c - a +0 helmet (worn)
Jewellery
 m - a ring of protection from fire (left claw)
 t - an uncursed ring of wizardry {unknown}
Scrolls
 h - 2 scrolls of fog {unknown}
 j - 3 scrolls of identify {unknown}
 k - 2 scrolls of remove curse {unknown}
 l - 2 scrolls of recharging {unknown}
 p - 2 scrolls of fear {unknown}
 r - a scroll of amnesia {unknown}
 u - a scroll of random uselessness {unknown}
Potions
 e - a potion of curing
 g - 3 potions of degeneration
 i - a potion of resistance {unknown}
 n - a potion of berserk rage {unknown}
 o - 2 potions of heal wounds {unknown}
 s - a potion of might {unknown}
Comestibles
 f - 2 bread rations
 q - 5 chunks of flesh


   Skills:
 + Level 3.2 Fighting
 - Level 3.5 Maces & Flails
 - Level 1.7 Throwing
 + Level 3.0 Dodging
 * Level 0.0 Unarmed Combat


You had 3 spell levels left.
You didn't know any spells.

Dungeon Overview and Level Annotations

Branches:
Dungeon (3/15)

Altars:


Innate Abilities, Weirdness & Mutations

You have claws for hands.


Message History

The orc completely misses you.
The orc wizard hits you but does no damage.
The orc hits you but does no damage.
You are electrocuted!
* * * LOW HITPOINT WARNING * * *
You take 13 damage, and have 5/35 hp.
MASSIVE DAMAGE!!
You feel better.
The orc wizard hits you but does no damage.
The orc barely misses you.
The orc wizard points at you and mumbles some strange words.
The magic dart hits you!
* * * LOW HITPOINT WARNING * * *
It was a potion of degeneration.
There was something very wrong with that liquid.
You feel weakened.
You feel dopey.
You feel clumsy.
The orc wizard casts a spell.
The orc wizard blinks!
The orc hits you with a dagger of electrocution.
* * * LOW HITPOINT WARNING * * *
You are electrocuted!
You die...

############.#
#..>......# .#
#####...... ##.#.... #
####.......
#.############(...#.....
#...%.......(..####.....
.........o..#### .....
.........).### .....
#..?.ยง@.....# ###..
#....o..##### ##
###.##### #


You could see an orc wizard and an orc.

Vanquished Creatures
  An adder (D:2)
  2 oozes (D:1)
  A worm (D:2)
  A dart slug (D:1)
  An orc (D:3)
  4 giant cockroaches
  8 goblins
  5 hobgoblins
  4 jackals (D:2)
  3 bats
  2 frilled lizards
  6 kobolds
  7 rats
45 creatures vanquished.

Notes
Turn   | Place    | Note
-------+----------+-------------------------------------------
     0 | D:1      | krabocopter the Demonspawn Gladiator began the quest for the Orb.
     0 | D:1      | Reached XP level 1. HP: 16/16 MP: 1/1
   332 | D:1      | Gained mutation: You have sharp fingernails. [demonic ancestry]
   332 | D:1      | Reached XP level 2. HP: 21/23 MP: 2/2
  1016 | D:2      | Gained mutation: You have very sharp fingernails. [demonic ancestry]
  1016 | D:2      | Reached XP level 3. HP: 28/28 MP: 3/3
  2145 | D:3      | Gained mutation: You have claws for hands. [demonic ancestry]
  2145 | D:3      | Reached XP level 4. HP: 35/35 MP: 4/4
  2206 | D:3      | Mangled by an orc

Vault maps used:
D:1:      zaba_arrival_water
D:2:      minmay_misc_feat_cross, nrook_loot_triangle
D:3:      grunt_decor_cap, hangedman_glass_teeth

Skill      XL: |  1  2  3  4 |
---------------+-------------+-----
Maces & Flails | 3 |  3.5
Fighting       | 3 |  3.2
Dodging        | 3 |  3.0
Throwing       | |  1.7

Action                   |  1- 3 |  4- 6 || total
-------------------------+-------+-------++-------
Melee: Flail             |   118 |       ||   118
       Unarmed           |       |     9 ||     9
  Use: Potion            |     3 |     2 ||     5
 Stab: Sleeping          |     1 |       ||     1
  Eat: Chunk             |     4 |       ||     4
Armor: Leather armour    |    28 |     8 ||    36
Dodge: Dodged            |    76 |     7 ||    83
